 Dungeon Crawl Stone Soup version 0.29-a0-472-ge5599a681e (webtiles) character file.

Game seed: 3135189293457725574

12396 siradein the Fighter (level 11, -24/119 HPs)
             Began as a Troll Berserker on May 23, 2022.
             Was a High Priest of Trog.
             Annihilated by a two-headed ogre
             ... wielding a +0 giant club
              (32 damage)
             ... on level 10 of the Dungeon.
             The game lasted 00:31:35 (11312 turns).

siradein the Fighter (Troll Berserker)             Turns: 11312, Time: 00:31:35

Health: -24/119    AC: 10    Str: 31    XL:     11   Next: 61%
Magic:  5/10       EV: 22    Int:  3    God:    Trog [*****.]
Gold:   702        SH:  0    Dex:  9    Spells: 10/10 levels left

rFire   + + .      SeeInvis .   (weapon currently unavailable)
rCold   + + .      Faith    .   (shield currently unavailable)
rNeg    + + +      Spirit   .   (body armour currently unavailable)
rPois   ∞          Reflect  .   (helmet currently unavailable)
rElec   +          Harm     .   (cloak currently unavailable)
rCorr   +          Rampage  .   (gloves unavailable)
Will    .....                   (boots unavailable)
Stlth   +.........              (amulet currently unavailable)
HPRegen 1.09/turn               (ring currently unavailable)
MPRegen 0.12/turn               (ring currently unavailable)

@: wisp-form, on berserk cooldown, flying, slowed, studying Fighting, very slow
A: insubstantial, flying, no casting, tiny, unfitting armour, (claws 3),
regeneration 1, (shaggy fur 1), (tough skin 1)
a: Renounce Religion, Berserk, Trog's Hand, Brothers in Arms


You were on level 10 of the Dungeon.
You worshipped Trog.
Trog was extremely pleased with you.
You were an insubstantial wisp.
You visited 1 branch of the dungeon, and saw 11 of its levels.
You also visited: Sewer and Bailey.

You collected 737 gold pieces.
You spent 35 gold pieces at shops.

Inventory:

Hand Weapons
 n - a +1 flail of protection
 A - a +0 vorpal dire flail
 Q - a +2 antimagic giant spiked club (melded)
Missiles
 s - 3 javelins
 y - 10 boomerangs (quivered)
 B - 54 poisoned darts
Armour
 b - a +0 cloak (melded)
 g - a +0 troll leather armour (melded)
 C - a +2 hat (melded)
Jewellery
 h - a +4 ring of protection (melded)
 l - a +4 ring of evasion
 q - a ring of see invisible
 G - a ring of magical power
 M - a +6 ring of dexterity (melded)
 P - a ring of fire
Wands
 p - a wand of flame (64)
 x - a wand of paralysis (13)
 J - a wand of digging (3)
 O - a wand of mindburst (15)
Scrolls
 a - a scroll of summoning {unknown}
 c - 4 scrolls of immolation
 d - 3 scrolls of blinking {unknown}
 f - 3 scrolls of silence {unknown}
 i - 8 scrolls of teleportation
 m - 3 scrolls of enchant armour {unknown}
 o - a scroll of brand weapon {unknown}
 r - a scroll of fog {unknown}
 v - 2 scrolls of amnesia {unknown}
 D - 4 scrolls of fear {unknown}
 E - 3 scrolls of vulnerability {unknown}
 L - 2 scrolls of enchant weapon {unknown}
 N - 2 scrolls of torment {unknown}
Potions
 e - a potion of berserk rage
 j - a potion of ambrosia
 k - 3 potions of heal wounds
 t - 2 potions of mutation {unknown}
 u - 4 potions of curing
 z - a potion of cancellation
 F - 3 potions of flight
 H - 2 potions of haste {unknown}
 I - a potion of lignification {unknown}
 K - 2 potions of might
 R - 3 potions of degeneration {unknown}


   Skills:
 + Level 10.9 Fighting
 + Level 10.0 Maces & Flails
 + Level 4.2 Armour
 + Level 9.1 Dodging


You had 10 spell levels left.
You didn't know any spells.
Your spell library was empty.

Dungeon Overview and Level Annotations

Branches:
Dungeon (11/15)            Temple (0/1) D:4            Lair (0/6) D:8
  Sewer (visited)          Bailey (visited)
    Orc: D:9-12

Altars:
Makhleb

Shops:
D:1 ?   D:10 :

Annotations:
D:8 3 runed translucent doors, elongatedgoose's ghost, novice TeCj
D:10 Psyche


Innate Abilities, Weirdness & Mutations

You are an insubstantial wisp.
Your tiny insubstantial body is highly resistant to most damage types.
You are flying.
Your equipment is entirely melded.
You are incapable of wielding weapons or throwing items.
You cannot cast spells.
You are too large for most types of armour.
((You have claws for hands.))
Your natural rate of healing is unusually fast.
((You are covered in fur. (AC +1)))
((You have tough skin. (AC +1)))


Message History

* * * LOW HITPOINT WARNING * * *
The two-headed ogre misses you. Psyche completely misses you.
The gnoll sergeant misses you.
You fly upwards.
There is a stone staircase leading down here.
Unknown command.
Unknown command.
Psyche closely misses you.
Psyche begins to cast a cantrip, but forgets the words!
Psyche mumbles some strange words.
A swirling arc of seething chaos appears!
The arc of chaos hits you. You resist.
* * * LOW HITPOINT WARNING * * *
The two-headed ogre hits you with a +0 giant club!!
* * * LOW HITPOINT WARNING * * *
The two-headed ogre closely misses you. Psyche attacks as you move away!
Psyche barely misses you. Psyche completely misses you.
There is an open door here.
Psyche casts a spell.
A swirling arc of seething chaos appears!
The arc of chaos hits the two-headed ogre!
The two-headed ogre misses you.
The two-headed ogre completely misses you.
The two-headed ogre attacks as you move away!
The two-headed ogre completely misses you. x2
Psyche casts a spell.
A swirling arc of seething chaos appears!
The arc of chaos hits the two-headed ogre.
The two-headed ogre goes berserk!
The arc of chaos hits you but does no damage.
Psyche attacks as you move away! Psyche misses you.
Psyche casts a spell.
A swirling arc of seething chaos appears!
The arc of chaos hits you!
* * * LOW HITPOINT WARNING * * *
The two-headed ogre hits you with a +0 giant club.
* * * LOW HITPOINT WARNING * * *
The two-headed ogre hits you with a +0 giant spiked club!!
You die...

...#.........[.........#########.
##.#.........>.........#########.
...#...................##......#.
...#...................##......#.
##########.....#'########......##
..########.....#........#........
..#............+........#########
..#..<....^....#@O......#......##
..#............#v...###.#........
..'....>.......#....###.#........
####...######≈≈.≈≈......#........
...'...#####≈≈≈.≈≈≈.....#......##
##.#........≈≈⌠.⌠≈≈.....#......##
#.#...........∩........#......##
#.#........≈≈⌠.⌠≈≈.....#......#.
##.#........≈≈≈.≈≈≈.....#......#.
...#...##...#≈≈.≈≈#.....#......#.


You could see a two-headed ogre (berserk) and Psyche.

Vanquished Creatures
  2 vault guards (Bailey)
  A two-headed ogre (D:10)
  A gargoyle (D:11)
  A troll (D:8)
  Prince Ribbit (D:6)
  A blink frog (Bailey)
  Grum (D:9)
  6 humans (Bailey)
  A wraith (D:11)
  6 yaks (D:10)
  3 steam dragons
  Edmund (D:5)
  3 wargs (D:8)
  Menkaure (D:6)
  Duvessa (D:5)
  A water moccasin (D:8)
  4 acid dragons
  3 orc warriors
  2 black bears
  An ice beast (D:6)
  A sky beast (D:6)
  3 centaurs
  3 wolves
  3 phantoms
  6 kobold brigands
  Blork the orc (D:6)
  A necrophage (D:5)
  13 bullfrogs
  9 wights (D:9)
  Dowan (D:5)
  11 killer bees
  7 howler monkeys
  2 jellies (D:6)
  A hound (D:6)
  A gnoll shaman (D:6)
  6 orc priests
  Crazy Yiuf (D:5)
  Ijyb (D:4)
  Terence (D:3)
  Natasha (thrice) (D:3)
  An iguana (D:5)
  13 orc wizards
  Robin (D:2)
  7 adders
  14 gnolls
  A river rat (Sewer)
  A shadow imp (D:6)
  3 white imps
  2 ufetubi
  2 worms
  36 orcs
  6 endoplasms
  2 giant cockroaches
  19 goblins
  5 hobgoblins
  15 jackals
  26 kobolds
  3 quokkas
  7 ball pythons
  4 bats
  3 frilled lizards (D:1)
  7 rats
294 creatures vanquished.

Vanquished Creatures (others)
  Gastronok (D:11)
  An orc (D:8)
  A goblin (D:9)
  3 plants (D:1)
  5 toadstools (D:1)
11 creatures vanquished.

Grand Total: 305 creatures vanquished

Notes
Turn   | Place    | Note
-------+----------+-------------------------------------------
     0 | D:1      | siradein the Troll Berserker began the quest for the Orb.
     0 | D:1      | Reached XP level 1. HP: 22/22 MP: 0/0
   141 | D:1      | Found a faded altar of an unknown god.
   234 | D:1      | Reached XP level 2. HP: 29/29 MP: 1/1
   366 | D:1      | Found Buehy's Magic Scroll Emporium.
   377 | D:1      | Bought a scroll of magic mapping for 35 gold pieces
   830 | D:1      | Reached XP level 3. HP: 36/36 MP: 2/2
  1126 | D:2      | Reached ** piety under Trog
  1544 | D:2      | Noticed Robin
  1596 | D:2      | Killed Robin
  1708 | D:2      | Reached XP level 4. HP: 45/45 MP: 3/3
  2001 | D:3      | Noticed Terence
  2014 | D:3      | Killed Terence
  2168 | D:3      | Noticed Natasha
  2172 | D:3      | Reached XP level 5. HP: 53/53 MP: 4/4
  2178 | D:3      | Killed Natasha
  2229 | D:3      | Noticed Natasha
  2244 | D:3      | Killed Natasha
  2294 | D:3      | Reached *** piety under Trog
  2399 | D:3      | Noticed Natasha
  2410 | D:3      | Killed Natasha
  2411 | D:3      | Reached XP level 6. HP: 55/62 MP: 5/5
  2882 | D:4      | Found a staircase to the Ecumenical Temple.
  3196 | D:4      | Noticed Ijyb
  3211 | D:4      | Killed Ijyb
  3358 | D:5      | Entered Level 5 of the Dungeon
  3358 | D:5      | Noticed Duvessa
  3358 | D:5      | Noticed Dowan
  3480 | D:5      | Reached XP level 7. HP: 52/70 MP: 6/6
  3534 | D:5      | Reached skill level 5 in Maces & Flails
  3654 | D:5      | Noticed Edmund
  3663 | D:5      | Killed Edmund
  3803 | D:5      | Killed Duvessa
  3804 | D:5      | Reached skill level 5 in Fighting
  3804 | D:5      | Reached skill level 5 in Dodging
  3805 | D:5      | Killed Dowan
  3806 | D:5      | Reached XP level 8. HP: 80/80 MP: 7/7
  4015 | D:5      | Found a runed translucent door.
  4016 | D:5      | Noticed Crazy Yiuf
  4310 | D:5      | Killed Crazy Yiuf
  4367 | D:6      | Noticed Blork the orc
  4374 | D:6      | Killed Blork the orc
  4533 | D:6      | Noticed Menkaure
  4543 | D:6      | Killed Menkaure
  4585 | D:6      | Noticed Prince Ribbit
  4605 | D:6      | Killed Prince Ribbit
  4605 | D:6      | Reached **** piety under Trog
  4671 | D:6      | Found a glowing drain.
  4718 | Sewer    | Entered a sewer
  4792 | Sewer    | Reached XP level 9. HP: 89/89 MP: 8/8
  4824 | Sewer    | Found a white marble altar of Elyvilon.
  5721 | D:7      | Identified the +0 robe "Eriraupn" {rN+}
  6747 | D:8      | Found a runed translucent gate.
  6748 | D:8      | Found a runed translucent gate.
  6749 | D:8      | Found a runed translucent gate.
  7307 | D:8      | Reached XP level 10. HP: 74/104 MP: 9/9
  7509 | D:8      | Found a staircase to the Lair.
  7672 | D:8      | Noticed elongatedgoose's ghost (novice TeCj)
  7932 | D:9      | Reached ***** piety under Trog
  7986 | D:9      | Found a flagged portal.
  7986 | D:9      | Noticed Grum
  8257 | D:9      | Killed Grum
  8314 | Bailey   | Entered a bailey
  8355 | Bailey   | Reached skill level 1 in Armour
  8437 | Bailey   | Noticed a vault guard
  8476 | Bailey   | Killed a vault guard
  8510 | Bailey   | Noticed a vault guard
  8539 | Bailey   | Killed a vault guard
  8540 | Bailey   | Reached XP level 11. HP: 76/117 MP: 10/10
  8657 | Bailey   | Received a gift from Trog
  8666 | Bailey   | Reached skill level 10 in Fighting
  9126 | D:9      | Found a burning altar of Makhleb.
  9371 | D:10     | Entered Level 10 of the Dungeon
  9371 | D:10     | Noticed a two-headed ogre
  9375 | D:10     | Killed a two-headed ogre
  9514 | D:10     | Found Ygykeny's Self-Improvement Boutique.
 10513 | D:10     | Found Ygykeny's Self-Improvement Boutique.
 11230 | D:11     | Noticed Gastronok
 11290 | D:11     | Killed Gastronok
 11291 | D:11     | Reached skill level 10 in Maces & Flails
 11291 | D:11     | Noticed a two-headed ogre
 11291 | D:11     | Noticed Psyche
 11312 | D:10     | Annihilated by a two-headed ogre

Illustrated notes

Levels and vault maps discovered:
D:1:      ldierk_walled_garden, layout_loops_corners, serial_shops,
          nicolae_shop_stone, shapermc_ecumenical_altar_gd, minmay_surrounded
D:2:      layout_basic, minmay_tromino_mix6, uniq_robin
D:3:      layout_basic, minmay_strange_pillars, uniq_natasha, uniq_terence
D:4:      layout_basic, minmay_temple_entry_statues_fountains, uniq_ijyb
D:5:      layout_rooms, hangedman_decor_points, guppyfry_early_orc_mine,
          uniq_crazy_yiuf_cottage, uniq_duvessa, uniq_edmund
D:6:      layout_basic, cheibrodos_sewer_entry_drain, minmay_misc_feat_five,
          uniq_menkaure, uniq_blork_the_orc, uniq_prince_ribbit1
D:7:      layout_basic
D:8:      layout_layer_cave, erik_lair_orcish_takeover, gammafunk_ghost_icy,
          hex_tiny, minmay_manual_mares
D:9:      layout_cave_pods, mainiacjoe_overflow_small_starburst, enter_bailey_5,
          uniq_grum
D:10:     layout_stronghold, nicolae_shop_self_help
D:11:     layout_cave_pools, amcnicky_mini_pool_small, dk_noncrumbling_3,
          uniq_psyche, uniq_gastronok

Skill      XL: |  1  2  3  4  5  6  7  8  9 10 11 |
---------------+----------------------------------+-----
Maces & Flails | 3 4 5 6 8 9 10 | 10.0
Fighting       | 3 4 5 6 7 9 10 | 10.9
Dodging        | 3 4 5 6 7 8 9 |  9.1
Armour         | 2 4 |  4.2

Action                   |  1- 3 |  4- 6 |  7- 9 | 10-12 || total
-------------------------+-------+-------+-------+-------++-------
Melee: Mace              |   147 |     9 |       |       ||   156
       Punch             |     2 |     2 |     1 |       ||     5
       Flail             |       |   223 |    28 |       ||   251
       Dire flail        |       |       |   373 |   304 ||   677
       Giant spiked club |       |       |       |   163 ||   163
Throw: Stone             |     4 |       |       |       ||     4
Invok: Berserk           |     1 |     1 |     4 |     4 ||    10
       Trog's Hand       |       |       |       |     1 ||     1
  Use: Scroll            |       |     1 |     4 |     3 ||     8
 Stab: Distracted        |       |       |       |     1 ||     1
Armor: Animal skin       |    87 |   104 |    29 |       ||   220
       Robe              |       |       |   135 |     3 ||   138
       Troll leather arm |       |       |       |   265 ||   265
       Skin              |       |       |       |     2 ||     2
Dodge: Dodged            |   146 |   207 |   315 |   486 ||  1154

Table legend: (Time is in decaauts)
 A = Elapsed time spent in this place.
 B = Non-inter-level travel time spent in this place.
 C = Inter-level travel time spent in this place.
 D = Time resting spent in this place.
 E = Time spent auto-exploring this place.
 F = Levels seen in this place.
 G = Mean time per level.
                   A        B        C        D        E       F      G
               +--------+--------+--------+--------+--------+-----+--------+
         Total |  11541 |  11158 |    383 |    538 |   7518 |  13 |  887.8 |
       Dungeon |  10918 |  10535 |    383 |    505 |   7268 |  11 |  992.5 |
         Sewer |    235 |    235 |      0 |      0 |    113 |   1 |  235.0 |
        Bailey |    386 |    386 |      0 |     33 |    136 |   1 |  386.0 |
               +--------+--------+--------+--------+--------+-----+--------+

Top non-repeatable levels by time:
    D:10: 1897 daAuts
     D:8: 1729 daAuts
     D:1: 1041 daAuts
     D:2: 1000 daAuts
     D:9: 960 daAuts
     D:6: 913 daAuts
     D:5: 901 daAuts
     D:4: 872 daAuts
     D:7: 828 daAuts
     D:3: 664 daAuts
  Bailey: 386 daAuts
   Sewer: 235 daAuts
    D:11: 109 daAuts
